 Dungeon Crawl Stone Soup version 0.25-a0-697-g890751e744 (webtiles) character file.

Game seed: 12708606538609773078, levelgen mode: deterministic

70 Masnef the Ogre Mage (level 4, -1/39 HPs)
             Began as an Ogre Wizard on Apr 1, 2020.
             Slain by an orc wizard
             ... wielding a +0 dagger
              (4 damage)
             ... on level 3 of the Dungeon.
             The game lasted 00:07:14 (2500 turns).

Masnef the Ogre Mage (Ogre Wizard)                  Turns: 2500, Time: 00:07:14

Health: -1/39      AC:  3    Str: 10 (11) XL:     4   Next: 22%
Magic:  3/10       EV:  9    Int: 18 (20) God:
Gold:   93         SH:  0    Dex:  4 (7)  Spells: 0/11 levels left

rFire    . . .     SeeInvis .   e - +0 club
rCold    . . .     Gourm    .   (no shield)
rNeg     . . .     Faith    .   a - +0 robe
rPois    .         Spirit   .   b - +0 hat
rElec    .         Reflect  .   (no cloak)
rCorr    .         Harm     .   (gloves unavailable)
MR       .....                  (boots unavailable)
Stlth    +.........             (no amulet)
HPRegen  0.13/turn              (no ring)
MPRegen  0.12/turn              (no ring)

@: no status effects
A: large, unfitting armour, talons 1, mutation resistance 1, tough skin 1
a: no special abilities


You were on level 3 of the Dungeon.
You were not hungry.

You visited 1 branch of the dungeon, and saw 3 of its levels.

You collected 93 gold pieces.

Inventory:

Hand Weapons
 e - a +0 club (weapon)
Missiles
 g - 3 boomerangs (quivered)
 n - 28 arrows
Armour
 a - a +0 robe (worn)
 b - a +0 hat (worn)
Scrolls
 c - a scroll of remove curse {unknown}
 f - a scroll of fog {unknown}
 j - a scroll of blinking {unknown}
 l - a scroll of fear {unknown}
 m - a scroll of identify {unknown}
Potions
 h - a potion of haste {unknown}
 i - a potion of berserk rage {unknown}
 p - a potion of degeneration
Comestibles
 d - 4 rations


   Skills:
 * Level 0.1 Maces & Flails
 + Level 1.7 Dodging
 - Level 1.4 Stealth
 + Level 4.1 Spellcasting
 + Level 3.0 Conjurations
 * Level 1.0 Summonings
 * Level 0.9 Translocations


You couldn't memorise any spells.
You knew the following spells:

 Your Spells              Type           Power        Failure   Level  Hunger
a - Magic Dart            Conj           ##..         4%          1    None
b - Blink                 Tloc           N/A          14%         2    ##.....
c - Call Imp              Summ           #.......     14%         2    ##.....
d - Mephitic Cloud        Conj/Pois/Air  #.......     28%         3    ###....
e - Conjure Flame         Conj/Fire      #.......     24%         3    ###....

Your spell library contained the following spells:

 Spells                   Type           Power        Failure   Level  Hunger
 Slow                     Hex            #.......     22%         2    ##.....


Dungeon Overview and Level Annotations

Branches:
Dungeon (3/15)

Altars:
Cheibriados
Qazlal
Zin


Innate Abilities, Weirdness & Mutations

You are too large for most types of armour.
You have tough skin. (AC +1)
You have sharp toenails.
You are somewhat resistant to further mutation.


Message History

Okay, then.
A magic dart appears from out of thin air!
The magic dart hits you.
* * * LOW HITPOINT WARNING * * *
Your iron imp closely misses something.
There is an escape hatch in the ceiling here.
You aren't carrying any items that you can evoke.
It was a potion of degeneration.
There was something very wrong with that liquid.
You feel weakened.
You feel dopey.
You feel clumsy. Something hits you.
* * * LOW HITPOINT WARNING * * *
Something hits you but does no damage.
Unknown command.
Quiver which item? (- for none, * to show all) (? for menu, Esc to quit)
Okay, then.
It was a potion of mutation.
You feel extremely strange.
Your toenails lengthen and sharpen.
You feel genetically stable. Something hits you.
You die...

#..# ##.##)# #
:.# #....# .!#
#..###
#######.#######
#..#
.......)).....#
#..# ## #.# #..#
##...#5### # #..#
........{.# .#
#..#
.##...###@###.###
#... ##.#
#........ ...#
##.####...#.###
............#
##..........#
#######..###
#.######## #..#
#...>..<.# #..#
########.#
#..######


You could see a friendly iron imp.

Vanquished Creatures
  2 dart slugs (D:1)
  2 leopard geckos (D:2)
  3 orcs (D:3)
  A ball python (D:2)
  4 giant cockroaches
  7 goblins
  5 hobgoblins
  2 quokkas
  2 bats
  3 frilled lizards
  6 kobolds
  10 rats
47 creatures vanquished.

Vanquished Creatures (collateral kills)
  An adder (D:2)
  A worm (D:2)
  2 orcs (D:3)
4 creatures vanquished.

Grand Total: 51 creatures vanquished

Notes
Turn   | Place    | Note
-------+----------+-------------------------------------------
     0 | D:1      | Masnef the Ogre Wizard began the quest for the Orb.
     0 | D:1      | Reached XP level 1. HP: 16/16 MP: 5/5
    16 | D:1      | Reached skill level 1 in Conjurations
   322 | D:1      | Reached XP level 2. HP: 21/24 MP: 0/6
   981 | D:1      | Reached XP level 3. HP: 31/31 MP: 4/8
  1512 | D:1      | Learned a level 2 spell: Blink
  1515 | D:1      | Learned a level 2 spell: Call Imp
  1635 | D:2      | Reached skill level 1 in Summonings
  2175 | D:2      | Reached skill level 4 in Spellcasting
  2185 | D:2      | Found a stormy altar of Qazlal,
  2187 | D:2      | Found a glowing silver altar of Zin,
  2188 | D:2      | Reached XP level 4. HP: 38/39 MP: 3/10
  2220 | D:2      | Found a snail-covered altar of Cheibriados,
  2419 | D:2      | Learned a level 3 spell: Mephitic Cloud
  2423 | D:2      | Learned a level 3 spell: Conjure Flame
  2500 | D:3      | Gained mutation: You have sharp toenails. [potion of
                  | mutation]
  2500 | D:3      | Gained mutation: You are somewhat resistant to further
                  | mutation. [potion of mutation]
  2500 | D:3      | Slain by an orc wizard

Levels and vault maps discovered:
D:1:      onia_arrival_larder, layout_loops_ring, st_stairs_13,
          minmay_misc_feat_alley
D:2:      layout_basic, nicolae_overflow_hidden_temple,
          lemuel_coloured_pillars_altar, minmay_misc_feat_diagonals
D:3:      layout_loops_ring, grunt_temple_overflow_opulence

Skill      XL: |  1  2  3  4 |
---------------+-------------+-----
Conjurations   | 1 2 3 |  3.0
Summonings     | 1 |  1.0
Spellcasting   | 4 |  4.1
Maces & Flails | |  0.1
Dodging        | |  1.7
Stealth        | |  1.4
Translocations | |  0.9

Action                   |  1- 3 |  4- 6 || total
-------------------------+-------+-------++-------
Melee: Unarmed           |    30 |       ||    30
       Club              |    18 |     8 ||    26
Throw: Boomerang         |     3 |       ||     3
 Cast: Magic Dart        |    98 |    21 ||   119
       Call Imp          |     5 |     1 ||     6
  Use: Potion            |       |     2 ||     2
 Stab: Sleeping          |     2 |       ||     2
  Eat: Chunk             |     4 |     1 ||     5
Armor: Robe              |    18 |     4 ||    22
Dodge: Dodged            |    47 |     7 ||    54

Table legend:
 A = Non-vault XP
 B = Vault XP
 C = Vault XP percentage of total XP
 D = Non-vault monster count
 E = Vault monster count
 F = Vault count percentage of total count
                 A         B        C        D         E       F
            +---------+---------+-------+---------+---------+-------
      Total |      91 |      10 |   9.9 |      45 |       6 |  11.8
            +---------+---------+-------+---------+---------+-------
        D:1 |      33 |      10 |  23.3 |      20 |       6 |  23.1
        D:2 |      41 |       0 |   0.0 |      18 |       0 |   0.0
        D:3 |      17 |       0 |   0.0 |       7 |       0 |   0.0
            +---------+---------+-------+---------+---------+-------
